 Dungeon Crawl Stone Soup version 0.21-a0-229-g3587535 (webtiles) character file.

67 JackS81 the Grave Robber (level 3, -4/19 HPs)
             Began as a Deep Elf Necromancer on Sept 1, 2017.
             Slain by an orc priest (5 damage)
             ... on level 3 of the Dungeon.
             The game lasted 00:12:56 (1631 turns).

JackS81 the Grave Robber (Deep Elf Necromancer)     Turns: 1631, Time: 00:12:56

Health: -4/19      AC:  2    Str:  5    XL:     3   Next: 98%
Magic:  4/10       EV: 13    Int: 20    God:
Gold:   20         SH:  0    Dex: 15    Spells: 7/9 levels left

rFire    + . .     SeeInvis .   k - +0 dagger
rCold    + . .     Gourm    .   (no shield)
rNeg     . . .     Faith    .   a - +0 robe
rPois    +         Spirit   .   (no helmet)
rElec    +         Reflect  .   (no cloak)
rCorr    +         Harm     .   (no gloves)
MR       .....                  (no boots)
Stlth    ++........             (no amulet)
HPRegen  0.06/turn              (no ring)
MPRegen  0.12/turn              (no ring)

@: resistant, hasted, very quick
A: no striking features
a: no special abilities


You were on level 3 of the Dungeon.
You were not hungry.

You visited 1 branch of the dungeon, and saw 3 of its levels.

You collected 20 gold pieces.

Inventory:

Hand Weapons
 e - a -3 spear
 i - a +0 club
 k - a +0 dagger (weapon)
Armour
 a - a +0 robe (worn)
Wands
 s - a wand of iceblast (5/15)
Scrolls
 g - a scroll of teleportation {unknown}
 h - a scroll of identify
 j - a scroll of remove curse
 o - a scroll of enchant armour {unknown}
 p - a scroll of noise {unknown}
 q - a scroll of magic mapping {unknown}
 r - 2 scrolls of amnesia {unknown}
Books
 b - a book of Necromancy

   Spells                             Type                      Level
   a - Pain                           Necromancy                   1
   b - Animate Skeleton               Necromancy                   1
   c - Vampiric Draining              Necromancy                   3
   d - Regeneration                   Charms/Necromancy            3
   e - Animate Dead                   Necromancy                   4
   f - Control Undead                 Necromancy                   4
Comestibles
 c - a bread ration
 d - 7 chunks of flesh
 f - a meat ration


   Skills:
 * Level 2.8 Dodging
 - Level 2.4 Stealth
 + Level 3.5 Spellcasting
 * Level 6.2 Necromancy


You had 7 spell levels left.
You knew the following spells:

 Your Spells              Type           Power        Failure   Level  Hunger
a - Pain                  Necr           ####         1%          1    None
b - Animate Skeleton      Necr           N/A          1%          1    None


Dungeon Overview and Level Annotations

Branches:
Dungeon (3/15)

Altars:
Xom
Zin


Message History

The orc priest hits your ball python skeleton with a whip!
Your ball python skeleton is destroyed!
The orc priest shouts!
Casting: Pain
Confirm with . or Enter, or press ? or * to list all spells.
Aiming: Pain
Press: ? - help, Shift-Dir - straight line, f/p - orc priest
Aim: an orc priest, wielding a whip (almost dead, chance to defeat MR: 84%)
The orc priest writhes in agony!
An orc comes into view.
Casting: Pain
Confirm with . or Enter, or press ? or * to list all spells.
Aiming: Pain
Press: ? - help, Shift-Dir - straight line, f/p - orc priest
Aim: an orc priest, wielding a whip (almost dead, chance to defeat MR: 84%)
The orc priest writhes in agony!
The orc priest calls upon Beogh to heal the orc priest.
The orc priest's wounds heal themselves!
The orc priest hits you.
You die...

#...... #..####
#[.#### #..<...
#......
############.#####
#.............# #
#.############# #
##?#####@#
#.!....#o#
........o#
.........#
.....#...o. ....
####.## ### .. .##
.#


You could see 2 orc priests and an orc.

Vanquished Creatures
  An adder (D:2)
  2 worms
  2 dart slugs
  3 leopard geckos
  4 orcs (D:3)
  3 giant cockroaches
  8 hobgoblins
  2 ball pythons
  4 bats
  2 frilled lizards (D:1)
  2 goblins
  2 kobolds
  5 rats
40 creatures vanquished.

Vanquished Creatures (collateral kills)
  A hobgoblin (D:1)
  A bat (D:1)
2 creatures vanquished.

Grand Total: 42 creatures vanquished

Notes
Turn   | Place    | Note
-------+----------+-------------------------------------------
     0 | D:1      | JackS81 the Deep Elf Necromancer began the quest for the Orb.
     0 | D:1      | Reached XP level 1. HP: 10/10 MP: 6/6
     2 | D:1      | Learned a level 1 spell: Animate Skeleton
   105 | D:1      | Reached skill level 5 in Necromancy
   227 | D:1      | Reached XP level 2. HP: 7/15 MP: 2/8
   967 | D:2      | Reached XP level 3. HP: 17/19 MP: 5/9
  1262 | D:2      | Reached skill level 6 in Necromancy
  1477 | D:3      | Found a shimmering altar of Xom.
  1478 | D:3      | Noticed an angel
  1502 | D:3      | Found a glowing silver altar of Zin.
  1631 | D:3      | Slain by an orc priest

Vault maps used:
D:1:      minmay_arrival_doors
D:3:      nicolae_overflow_crystal_walls,
          grunt_temple_overflow_order_and_chaos_1

Skill      XL: |  1  2  3 |
---------------+----------+-----
Necromancy     | 5 6 |  6.2
Dodging        | |  2.8
Stealth        | |  2.4
Spellcasting   | |  3.5

Action                   || total
-------------------------++-------
Melee: Spear             ||     4
       Dagger            ||    10
 Cast: Pain              ||    78
       Animate Skeleton  ||    20
  Use: Scroll            ||     2
       Potion            ||     3
 Stab: Sleeping          ||     2
  Eat: Chunk             ||     2
Armor: Robe              ||    13
Dodge: Dodged            ||    22

Table legend:
 A = Spawn XP
 B = Non-spawn XP
 C = Spawn XP percentage of total XP
 D = Spawn monster count
 E = Non-spawn monster count
 F = Spawn count percentage of total count
 G = Total turns spent on level
                    A         B        C        D         E        F      G
               +---------+---------+-------+---------+---------+-------+---------
         Total |      19 |      77 |  19.8 |       6 |      36 |  14.3 |  1631
               +---------+---------+-------+---------+---------+-------+---------
           D:1 |       3 |      25 |  10.7 |       3 |      14 |  17.6 |   709
           D:2 |      14 |      28 |  33.3 |       2 |      13 |  13.3 |   726
           D:3 |       2 |      24 |   7.7 |       1 |       9 |  10.0 |   196
               +---------+---------+-------+---------+---------+-------+---------
